 Dungeon Crawl Stone Soup version 0.30-a0-170-g85af917532 (webtiles) character file.

Game seed: 8747882432987067990

81 qw the Chopper (level 4, -3/28 HPs)
             Began as a Gargoyle Fighter on Sept 30, 2022.
             Killed from afar by an orc wizard (8 damage)
             ... with a puff of flame
             ... on level 3 of the Dungeon.
             The game lasted 00:00:35 (2053 turns).

qw the Chopper (Gargoyle Fighter)                   Turns: 2053, Time: 00:00:35

Health: -3/28      AC: 13    Str: 21    XL:     4   Next: 40%
Magic:  4/4        EV:  9    Int:  9    God:
Gold:   99         SH:  4    Dex:  9    Spells: 3/3 levels left

rFire   . . .      SeeInvis .    Y - +0 war axe
rCold   . . .      Faith    .    c - +0 buckler
rNeg    + + .      Spirit   .    b - +0 scale mail
rPois   inf        Reflect  .    (no helmet)
rElec   +          Harm     .    (no cloak)
rCorr   .          Rampage  .    (no gloves)
Will    .....                    f - +2 pair of boots
Stlth   ..........               (no amulet)
HPRegen 0.09/turn                o - ring of positive energy
MPRegen 0.09/turn                (no ring)

@: no status effects
A: sickness immunity, AC +3, negative energy resistance 1, electricity
resistance, torment resistance 1, petrification resistance
a: no special abilities


You were on level 3 of the Dungeon.
You visited 1 branch of the dungeon, and saw 3 of its levels.

You collected 99 gold pieces.


Innate Abilities, Weirdness & Mutations

You are immune to sickness and miasma.
Your stone body is resilient. (AC +3)
You are immune to poison.
You resist negative energy. (rN+)
You are resistant to electric shocks. (rElec)
You are resistant to unholy torment.
You are immune to petrification.


   Skills:
 - Level 3.2 Fighting
 + Level 3.9 Axes
 - Level 1.0 Throwing
 - Level 3.2 Armour
 - Level 3.2 Shields


You had 3 spell levels left.
You didn't know any spells.
Your spell library was empty.

Inventory:

Hand Weapons
 i - a +0 whip
 Y - a +0 war axe (weapon)
Missiles
 p - a silver javelin (quivered)
Armour
 b - a +0 scale mail (worn)
 c - a +0 buckler (worn)
 f - a +2 pair of boots (worn)
 k - a +0 chain mail
Jewellery
 o - a ring of positive energy (left hand)
Scrolls
 g - a scroll of identify
Potions
 a - a potion of magic {unknown}
 d - 2 potions of might
 e - a potion of curing {unknown}
 h - a potion of flight {unknown}
 j - a potion of lignification {unknown}
 l - a potion of resistance {unknown}
 m - a potion of attraction {unknown}
 n - a potion of berserk rage {unknown}

Dungeon Overview and Level Annotations

Branches:
Dungeon (3/15)

Altars:
Sif Muna


Message History

You swing at nothing.
You swing at nothing.
A magic dart appears from out of thin air!
The magic dart hits you.
You swing at nothing.
You swing at nothing.
You swing at nothing.
You swing at nothing.
Something tries to affect you, but you resist.
A magic dart appears from out of thin air!
The magic dart hits you!
You swing at nothing.
You swing at nothing.
You swing at nothing.
You swing at nothing.
A magic dart appears from out of thin air!
The magic dart hits you.
You swing at nothing.
You swing at nothing.
A magic dart appears from out of thin air!
The magic dart hits you!
You swing at nothing.
You swing at nothing.
You swing at nothing.
You swing at nothing.
Something tries to affect you, but you resist.
You swing at nothing.
You swing at nothing.
You swing at nothing.
A magic dart appears from out of thin air!
The magic dart hits you.
You swing at nothing.
You swing at nothing.
You swing at nothing.
You swing at nothing.
You swing at nothing.
You swing at nothing.
A puff of flame appears from out of thin air!
The puff of flame hits you!
You die...

#.....# ###.## #.###.
#.....# #####...#
#.##..
#.....####.>...#.#
#.....
#####.##...#####.#
#######..# #....###
#.# .........#
#....## ####
.######.## #.##..####
#..## #.....
##.###.#.~..#8..###
#.....
#..#####{~..'@_...##
#.....
#......#{ยค..#8..#..#
#..... #..########
#..###.###########
####..## ####
#.....##### .......#
#####.....###
.......# #####...#
.......# ###..
.......# ### .......#


There were no monsters in sight!

Vanquished Creatures
  4 adders
  2 worms (D:2)
  An orc (D:3)
  A bat (D:2)
  7 endoplasms
  2 giant cockroaches
  4 goblins (D:2)
  2 hobgoblins
  A quokka (D:2)
  6 ball pythons
  A frilled lizard (D:1)
  4 kobolds
  A rat (D:1)
36 creatures vanquished.

Notes
Turn   | Place    | Note
-------+----------+-------------------------------------------
     0 | D:1      | qw the Gargoyle Fighter began the quest for the Orb.
     0 | D:1      | Reached XP level 1. HP: 14/14 MP: 1/1
     0 | D:1      | 0 ||| qw: Version: 0.2-a-13-gfc7b4b4
     0 | D:1      | 0 ||| qw: Game counter: 1702
     0 | D:1      | 0 ||| qw: Always use a shield: true
     0 | D:1      | 0 ||| qw: God list: Okawaru
     0 | D:1      | 0 ||| qw: Allow faded altars: false
     0 | D:1      | 0 ||| qw: Do Orc after D:15 true
     0 | D:1      | 0 ||| qw: Do second Lair branch before Depths: true
     0 | D:1      | 0 ||| qw: Lair rune preference: random
     0 | D:1      | 0 ||| qw: Plans: Normal, Zot:1-4, God:TSO, Crypt, Tomb,
                  | Pan, Slime:5, Hells, Abyss, Orb
     0 | D:1      | 0 ||| PLANNING D:1-11
   206 | D:1      | Found a faded altar of an unknown god.
   408 | D:1      | 408 ||| DROPPING +0 club.
   773 | D:1      | 773 ||| UPGRADING to +2 pair of boots.
   778 | D:1      | 778 ||| READING scroll labelled VOWNOGH ZYICI.
   779 | D:1      | 779 ||| READING 2 scrolls labelled XAHOPO ANEA.
   814 | D:2      | 814 ||| STAIRDANCE
   822 | D:2      | Reached XP level 2. HP: 19/19 MP: 2/2
  1117 | D:2      | Reached skill level 3 in Axes
  1117 | D:2      | Reached XP level 3. HP: 23/23 MP: 3/3
  1161 | D:2      | 1161 ||| Stepping ~*~*~tactically~*~*~ (stealth).
  1306 | D:2      | 1306 ||| Stepping ~*~*~tactically~*~*~ (stealth).
  1520 | D:2      | 1520 ||| DROPPING ring of magical power.
  1521 | D:2      | 1521 ||| UPGRADING to ring of positive energy.
  1589 | D:3      | 1589 ||| Stepping ~*~*~tactically~*~*~ (stealth).
  1591 | D:3      | 1591 ||| Stepping ~*~*~tactically~*~*~ (stealth).
  1711 | D:3      | Reached skill level 1 in Throwing
  1869 | D:3      | Reached XP level 4. HP: 27/28 MP: 4/4
  1878 | D:3      | 1878 ||| Stepping ~*~*~tactically~*~*~ (stealth).
  2018 | D:3      | Found a shimmering blue altar of Sif Muna.
  2040 | D:3      | HP: 6/28 [something/magic dart (8)]
  2047 | D:3      | HP: 4/28 [something/magic dart (3)]
  2053 | D:3      | Killed from afar by an orc wizard

Levels and vault maps discovered:
D:1:      wheals_arrival_linesprint, layout_rooms, serial_forest,
          infiniplex_forest_lined_3, infiniplex_forest_join,
          infiniplex_forest_clump_curved, infiniplex_forest_straight_3,
          infiniplex_forest_clump_diagonal, ebering_ecumenical_altar_petrified
D:2:      layout_basic, minmay_pentomino_v2
D:3:      layout_rooms, led_sif_book, kennysheep_decorative_pillar,
          nicolae_eternal_life

Skill      XL: |  1  2  3 |
---------------+----------+-----
Axes           | 2 3 |  3.9
Throwing       | 1 |  1.0
Fighting       | |  3.2
Armour         | |  3.2
Shields        | |  3.2

Action                   |  1- 3 |  4- 6 || total
-------------------------+-------+-------++-------
Melee: War axe           |    69 |    11 ||    80
Throw: Javelin           |    19 |       ||    19
  Use: Scroll            |     2 |       ||     2
Armor: Scale mail        |    39 |     7 ||    46
Dodge: Dodged            |    23 |     6 ||    29
Block: Buckler           |     8 |     3 ||    11

Table legend:
 A = Non-vault XP
 B = Vault XP
 C = Vault XP percentage of total XP
 D = Non-vault monster count
 E = Vault monster count
 F = Vault count percentage of total count
                 A         B        C        D         E       F
            +---------+---------+-------+---------+---------+-------
      Total |     112 |       4 |   3.4 |      34 |       2 |   5.6
            +---------+---------+-------+---------+---------+-------
        D:1 |       8 |       0 |   0.0 |       6 |       0 |   0.0
        D:2 |      50 |       4 |   7.4 |      18 |       2 |  10.0
        D:3 |      54 |       0 |   0.0 |      10 |       0 |   0.0
            +---------+---------+-------+---------+---------+-------
